 Dungeon Crawl Stone Soup version 0.27-a0-732-ga892ba84f6 (webtiles) character file.

Game seed: 9378077712508706134

26 robertstho the Ducker (level 3, -7/39 HPs)
             Began as an Octopode Berserker on Mar 23, 2021.
             Was a Believer of Trog.
             Succumbed to a kobold's poison
             ... on level 1 of the Dungeon.
             The game lasted 00:00:52 (655 turns).

robertstho the Ducker (Octopode Berserker)           Turns: 655, Time: 00:00:52

Health: -7/39      AC:  1    Str: 17    XL:     3   Next: 8%
Magic:  3/3        EV: 13    Int:  9    God:    Trog [**....]
Gold:   31         SH:  0    Dex: 11    Spells: 2/2 levels left

rFire    . . .     SeeInvis .   a - +0 short sword
rCold    . . .     Faith    .   (no shield)
rNeg     . . .     Spirit   .   (helmet restricted)
rPois    .         Reflect  .   f - amulet of magic regeneration
rElec    .         Harm     .   (no ring)
rCorr    .         Rampage  .   (no ring)
Will     .....                  (no ring)
Stlth    ..........             (no ring)
HPRegen  0.13/turn              (no ring)
MPRegen  0.33/turn              (no ring)
                                (no ring)
                                (no ring)

@: berserking, lethally poisoned (-7 -> -24), very quick
A: almost no armour, amphibious, 8 rings, camouflage 1, gelatinous body 1,
nimble swimmer 1, tentacles
a: Renounce Religion, Berserk, Trog's Hand


You were on level 1 of the Dungeon.
You worshipped Trog.
Trog was pleased with you.
You visited 1 branch of the dungeon, and saw 1 of its levels.

You collected 31 gold pieces.

Inventory:

Hand Weapons
 a - a +0 short sword (weapon)
Jewellery
 f - an amulet of magic regeneration (around mantle)
Scrolls
 b - 2 scrolls of identify {unknown}
 c - a scroll of acquirement {unknown}
 d - a scroll of blinking {unknown}
 e - a scroll of immolation {unknown}
Potions
 g - 2 potions of curing {unknown}
 h - a potion of haste {unknown}


   Skills:
 * Level 3.3 Fighting
 + Level 3.1 Short Blades
 * Level 3.5 Dodging
 * Level 1.1 Stealth


You had 2 spell levels left.
You didn't know any spells.
Your spell library was empty.

Dungeon Overview and Level Annotations

Branches:
Dungeon (1/15)

Altars:


Innate Abilities, Weirdness & Mutations

You cannot wear most types of armour.
You are amphibious.
You can wear up to eight rings at the same time.
Your skin changes colour to match your surroundings (Stealth+).
Your rubbery body absorbs attacks. (AC +1, EV +1)
You are stealthy while swimming. (Stealth+)
You have tentacles for arms and can constrict up to eight enemies at once.


Message History

A kobold is nearby!
A kobold is nearby!
A kobold is nearby!
The kobold shouts!
You hear a shout!
A kobold comes into view. It is wielding a +0 short sword. x2
You hit the kobold. Your grab misses the kobold.
The kobold is moderately wounded.
The kobold hits you with a +0 short sword.
You hit the kobold.
You kill the kobold!
Trog accepts your kill.
You can now call upon Trog for regeneration and willpower.
You closely miss the kobold. Your grab misses the kobold.
The kobold hits you with a +0 short sword.
You hit the kobold.
You kill the kobold!
Trog accepts your kill.
You barely miss the kobold. Your grab misses the kobold.
The kobold hits you with a +0 dagger of venom.
You are poisoned.
You closely miss the kobold. Your grab misses the kobold.
Your squeeze misses the kobold.
You feel extremely sick.
The kobold hits you with a +0 dagger of venom.
You are lethally poisoned!
You are too injured to fight recklessly!
You are too injured to fight recklessly!
You are too injured to fight recklessly!
You are too injured to fight recklessly!
You are too injured to fight recklessly!
You are too injured to fight recklessly!
A red film seems to cover your vision as you go berserk!
You feel yourself moving faster!
You feel mighty!
* * * LOW HITPOINT WARNING * * *
You feel extremely sick.
The kobold hits you with a +0 dagger of venom.
* * * LOW HITPOINT WARNING * * *
You are lethally poisoned!
You barely miss the kobold. You grab the kobold. You constrict the kobold.
You die...

#.#.†...... ..##.....###
..........# ##.#######.#
##### # #.# .... #.# .
..# #.# #..####K# #.###
#.....#@# #...# #..#
#...# #..# #...# #..#
##.## #...#.#
##########.#
#.##.##.####..... ..#.#
..............# #.#.#
####.####.....#####.#.##
# #.......).......


You could see a kobold.

Vanquished Creatures
  2 ball pythons (D:1)
  A giant cockroach (D:1)
  4 goblins (D:1)
  A hobgoblin (D:1)
  6 kobolds (D:1)
  3 oozes (D:1)
  4 bats (D:1)
  4 rats (D:1)
25 creatures vanquished.

Notes
Turn   | Place    | Note
-------+----------+-------------------------------------------
     0 | D:1      | robertstho the Octopode Berserker began the quest for the
                  | Orb.
     0 | D:1      | Reached XP level 1. HP: 16/16 MP: 1/1
   195 | D:1      | Reached XP level 2. HP: 21/21 MP: 2/2
   609 | D:1      | Reached XP level 3. HP: 26/26 MP: 3/3
   630 | D:1      | Reached skill level 1 in Stealth
   649 | D:1      | Reached ** piety under Trog
   655 | D:1      | Succumbed to a kobold's poison

Illustrated notes

Levels and vault maps discovered:
D:1:      evilmike_arrival_rings, layout_loops_ring

Skill      XL: |  1  2  3 |
---------------+----------+-----
Stealth        | 1 |  1.1
Fighting       | |  3.3
Short Blades   | |  3.1
Dodging        | |  3.5

Action                   || total
-------------------------++-------
Melee: Short sword       ||    45
       Tentacles         ||     8
       Constrict         ||    13
Invok: Berserk           ||     1
 Stab: Sleeping          ||     4
Armor: Skin              ||     4
Dodge: Dodged            ||    20

Table legend: (Time is in decaauts)
 A = Elapsed time spent in this place.
 B = Non-inter-level travel time spent in this place.
 C = Inter-level travel time spent in this place.
 D = Time resting spent in this place.
 E = Time spent auto-exploring this place.
 F = Levels seen in this place.
 G = Mean time per level.
                   A        B        C        D        E       F      G
               +--------+--------+--------+--------+--------+-----+--------+
         Total |    653 |    653 |      0 |      0 |    504 |   1 |  653.0 |
       Dungeon |    653 |    653 |      0 |      0 |    504 |   1 |  653.0 |
               +--------+--------+--------+--------+--------+-----+--------+

Top non-repeatable levels by time:
     D:1: 653 daAuts
